 Dungeon Crawl Stone Soup version 0.29-a0-330-g52719c12eb (webtiles) character file.

Game seed: 7781729739407291012

851 Crownlay the Firebug (level 8, -28/57 HPs)
             Began as a Gnoll Fire Elementalist on May 1, 2022.
             Was an Elder of Elyvilon.
             Killed by an exploding Duvessa (41 damage)
             ... ignited by their inner flame
             ... on level 4 of the Dungeon.
             The game lasted 00:10:19 (5148 turns).

Crownlay the Firebug (Gnoll Fire Elementalist)      Turns: 5148, Time: 00:10:19

Health: -28/57     AC:  7    Str:  8    XL:     8   Next: 1%
Magic:  15/16      EV: 14    Int: 16    God:    Elyvilon [****..]
Gold:   260        SH:  0    Dex: 13    Spells: 8/18 levels left

rFire   . . .      SeeInvis .   o - +0 trident (holy)
rCold   . . .      Faith    +   (no shield)
rNeg    . . .      Spirit   .   a - +0 robe
rPois   .          Reflect  .   v - +0 helmet
rElec   .          Harm     .   j - +1 cloak
rCorr   .          Rampage  .   u - +0 pair of gloves
Will    .....                   p - +0 pair of boots
Stlth   +++.......              m - amulet of faith
HPRegen 0.19/turn               (no ring)
MPRegen 0.15/turn               (no ring)

@: very slightly contaminated
A: fangs 1, strong nose, distributed training
a: Renounce Religion, Purification, Heal Other, Heal Self


You were on level 4 of the Dungeon.
You worshipped Elyvilon.
Elyvilon was greatly pleased with you.
You visited 1 branch of the dungeon, and saw 4 of its levels.

You collected 260 gold pieces.

Inventory:

Hand Weapons
 o - a +0 trident of holy wrath (weapon)
Missiles
 w - 4 boomerangs
Armour
 a - a +0 robe (worn)
 j - a +1 cloak (worn)
 p - a +0 pair of boots (worn)
 u - a +0 pair of gloves (worn)
 v - a +0 helmet (worn)
Jewellery
 m - an amulet of faith (around neck)
Wands
 d - a wand of digging (7)
 i - a wand of iceblast (4)
Scrolls
 c - 2 scrolls of teleportation {unknown}
 f - 3 scrolls of enchant armour
 h - 2 scrolls of enchant weapon
 l - a scroll of blinking {unknown}
 t - 2 scrolls of immolation {unknown}
Potions
 e - 4 potions of curing {unknown}
 g - 3 potions of attraction {unknown}
 k - a potion of invisibility {unknown}
 n - a potion of mutation {unknown}
 q - a potion of resistance {unknown}
 r - 2 potions of might {unknown}
 s - a potion of lignification {unknown}
 x - 2 potions of flight {unknown}


   Skills:
 + Level 2.8 Fighting
 + Level 2.8 Short Blades
 + Level 2.8 Long Blades
 + Level 2.8 Axes
 + Level 2.8 Maces & Flails
 + Level 2.8 Polearms
 + Level 2.8 Staves
 + Level 2.8 Slings
 + Level 2.8 Bows
 + Level 2.8 Crossbows
 + Level 2.8 Throwing
 + Level 2.8 Armour
 + Level 5.4 Dodging
 + Level 5.1 Stealth
 + Level 2.8 Shields
 + Level 2.8 Unarmed Combat
 + Level 5.8 Spellcasting
 + Level 3.2 Conjurations
 + Level 2.3 Hexes
 + Level 2.3 Summonings
 + Level 2.3 Necromancy
 + Level 2.3 Translocations
 + Level 2.3 Transmutations
 + Level 6.0 Fire Magic
 + Level 2.3 Ice Magic
 + Level 2.3 Air Magic
 + Level 2.3 Earth Magic
 + Level 2.3 Poison Magic
 + Level 3.1 Invocations
 + Level 2.8 Evocations


You had 8 spell levels left.
You knew the following spells:

 Your Spells              Type           Power      Damage    Failure   Level
a - Foxfire               Conj/Fire      76%        2x1d7     2%          1
b - Scorch                Fire           46%        2d7       1%          2
c - Flame Wave            Conj/Fire      19%        2d6       22%         4
d - Inner Flame           Hex/Fire       17%        N/A       8%          3

Your spell library contained the following spells:

 Spells                   Type           Power      Damage    Failure   Level
 Shock                    Conj/Air       52%        1d6       4%          1
 Apportation              Tloc           24%        N/A       5%          1
 Summon Small Mammal      Summ           48%        N/A       5%          1
 Conjure Flame            Conj/Fire      19%        6-21      6%          3
 Call Canine Familiar     Summ           12%        N/A       16%         3
 Summon Guardian Golem    Hex/Summ       12%        N/A       16%         3
 Swiftness                Air            12%        N/A       16%         3
 Airstrike                Air            6%         N/A       47%         4
 Alistair's Intoxication  Tmut/Pois      8%         N/A       83%         5


Dungeon Overview and Level Annotations

Branches:
Dungeon (4/15)             Temple (0/1) D:4

Altars:
Elyvilon
Ru

Shops:
D:4 :

Annotations:
D:4 3 runed translucent doors, Anon1729's ghost, amateur MiMo


Innate Abilities, Weirdness & Mutations

You have very sharp teeth.
Your uncanny sense of smell can sniff out nearby items.
Your experience applies equally to all skills.


Message History

Duvessa says, "I don't care about looks, I care about technique!"
Duvessa completely misses you. Dowan hits you but does no damage.
There is an open door here.
Casting: Foxfire (safe; 2% risk of failure)
Confirm with . or Enter, or press ? or * to list all spells.
You conjure some foxfire!
Duvessa says, "When magic and the sword combine, nothing stands against them."
Duvessa completely misses you.
Dowan points at you and mumbles some strange words.
The puff of flame hits you!
* * * LOW HITPOINT WARNING * * *
Your foxfire dissipates!
The foxfire hits Duvessa.
Flame seeps out of Duvessa.
Duvessa is moderately wounded.
Duvessa is engulfed in blazing flames.
Flame seeps out of Duvessa.
Duvessa says, "Where magic fails, the sword succeeds!"
Duvessa hits you with a +0 rapier.
* * * LOW HITPOINT WARNING * * *
Casting: Foxfire (safe; 2% risk of failure)
Confirm with . or Enter, or press ? or * to list all spells.
You conjure some foxfire!
The foxfire hits Duvessa.
Flame seeps out of Duvessa.
Duvessa is severely wounded.
Your foxfire dissipates!
Duvessa attacks as you move away! Duvessa misses you.
Dowan smirks and points a slender finger.
Okay, then.
Magic courses through your body.
Casting: Foxfire (safe; 2% risk of failure)
Confirm with . or Enter, or press ? or * to list all spells.
Flames lash Duvessa.
Flame seeps out of Duvessa.
Duvessa is almost dead.
Duvessa's fire resistance burns away.
Duvessa is engulfed in blazing flames.
Dowan's eyes darken. "You have made a black mistake."
Dowan seems to find hidden reserves of power!
Duvessa explodes!
The fiery explosion engulfs Dowan!!
You kill Dowan!
The fiery explosion engulfs you!!!
Ouch! That really hurt!
You die...

.....# #.# #.# #.#### #.#
##'## #.# ####.##### ##...##
#.# #........###.....## #.#
#.#.#.##.##.......##
#.#######..###.#.#.........##
............#..§§s.s.......'..
#.#######.#...##○#.........###
#.##### #.##.###@#........##
......# #........#∩.∩....##
#.###.# ####.#####......## #.#
#.# #.# #∩.∩.+## #.# #.# #.#
#####.# #.# #.# #.# #####.#
#.# #.# #.# #.....## #.###.#
#.#####.##...##### ......#
#................#


You could see a scorpion.

Vanquished Creatures
  Grinder (D:4)
  Menkaure (D:4)
  Duvessa (D:4)
  A phantom (D:4)
  Dowan (D:4)
  An orc priest (D:3)
  Terence (D:2)
  6 orc wizards (D:3)
  Robin (D:3)
  2 gnolls (D:4)
  8 adders
  4 dart slugs
  22 orcs
  6 ball pythons
  3 endoplasms
  3 giant cockroaches
  16 goblins
  7 hobgoblins
  8 jackals
  5 quokkas
  3 bats
  A frilled lizard (D:2)
  8 kobolds
  5 rats
115 creatures vanquished.

Vanquished Creatures (others)
  360 foxfires
360 creatures vanquished.

Grand Total: 475 creatures vanquished

Notes
Turn   | Place    | Note
-------+----------+-------------------------------------------
     0 | D:1      | Crownlay the Gnoll Fire Elementalist began the quest for
                  | the Orb.
     0 | D:1      | Reached XP level 1. HP: 13/13 MP: 6/6
   188 | D:1      | Found a faded altar of an unknown god.
   211 | D:1      | Prayed at the altar of an unknown god.
   211 | D:1      | Became a worshipper of Elyvilon the Healer
   211 | D:1      | Reached * piety under Elyvilon
   463 | D:1      | Reached XP level 2. HP: 19/19 MP: 3/7
   712 | D:1      | Reached ** piety under Elyvilon
  1130 | D:2      | Reached skill level 5 in Spellcasting
  1130 | D:2      | Reached XP level 3. HP: 25/25 MP: 4/9
  1133 | D:2      | Learned a level 2 spell: Scorch
  1255 | D:2      | Reached skill level 1 in Invocations
  1404 | D:2      | Noticed Terence
  1411 | D:2      | Killed Terence
  1412 | D:2      | Reached skill level 1 in Fighting
  1412 | D:2      | Reached skill level 1 in Short Blades
  1412 | D:2      | Reached skill level 1 in Long Blades
  1412 | D:2      | Reached skill level 1 in Axes
  1412 | D:2      | Reached skill level 1 in Maces & Flails
  1412 | D:2      | Reached skill level 1 in Polearms
  1412 | D:2      | Reached skill level 1 in Staves
  1412 | D:2      | Reached skill level 1 in Slings
  1412 | D:2      | Reached skill level 1 in Bows
  1412 | D:2      | Reached skill level 1 in Crossbows
  1412 | D:2      | Reached skill level 1 in Throwing
  1412 | D:2      | Reached skill level 1 in Armour
  1412 | D:2      | Reached skill level 1 in Shields
  1412 | D:2      | Reached skill level 1 in Unarmed Combat
  1412 | D:2      | Reached skill level 1 in Evocations
  1412 | D:2      | Reached XP level 4. HP: 9/32 MP: 2/11
  1775 | D:2      | Reached skill level 1 in Hexes
  1775 | D:2      | Reached skill level 1 in Summonings
  1775 | D:2      | Reached skill level 1 in Necromancy
  1775 | D:2      | Reached skill level 1 in Translocations
  1775 | D:2      | Reached skill level 1 in Transmutations
  1775 | D:2      | Reached skill level 1 in Ice Magic
  1775 | D:2      | Reached skill level 1 in Air Magic
  1775 | D:2      | Reached skill level 1 in Earth Magic
  1775 | D:2      | Reached skill level 1 in Poison Magic
  1875 | D:2      | Learned a level 4 spell: Flame Wave
  1972 | D:2      | Reached XP level 5. HP: 34/37 MP: 1/12
  2287 | D:2      | Found a sacrificial altar of Ru.
  2365 | D:2      | Learned a level 3 spell: Inner Flame
  2736 | D:3      | Reached *** piety under Elyvilon
  2867 | D:3      | Reached XP level 6. HP: 44/44 MP: 4/13
  3233 | D:3      | Noticed Robin
  3247 | D:3      | Killed Robin
  3248 | D:3      | Reached skill level 5 in Dodging
  3962 | D:4      | Reached **** piety under Elyvilon
  4071 | D:4      | Noticed Menkaure
  4077 | D:4      | Killed Menkaure
  4078 | D:4      | Reached XP level 7. HP: 27/51 MP: 9/15
  4342 | D:4      | Found a staircase to the Ecumenical Temple.
  4358 | D:4      | Found a runed translucent gate.
  4358 | D:4      | Found a runed translucent gate.
  4358 | D:4      | Found a runed translucent gate.
  4379 | D:4      | Noticed Anon1729's ghost (amateur MiMo)
  4962 | D:4      | Noticed Grinder
  4963 | D:4      | Paralysed by Grinder for 6 turns
  4977 | D:4      | Killed Grinder
  4978 | D:4      | Reached skill level 5 in Stealth
  4978 | D:4      | Reached skill level 6 in Fire Magic
  4978 | D:4      | Reached XP level 8. HP: 41/57 MP: 7/16
  5112 | D:4      | Found Kacinabo's Book Shoppe.
  5127 | D:4      | Noticed Duvessa
  5127 | D:4      | Noticed Dowan
  5148 | D:4      | Killed Duvessa
  5148 | D:4      | Killed Dowan
  5148 | D:4      | Killed by an exploding Duvessa... ignited by their inner
                  | flame

Illustrated notes

Levels and vault maps discovered:
D:1:      matt_arrival_diagonals, layout_basic, basic_ecumenical_altar,
          chequers_serial_rivers_micro_d
D:2:      layout_rooms, basic_altar, minmay_vboxes, uniq_terence
D:3:      layout_rooms, minmay_misc_feat_nine_boxes,
          hangedman_decor_clover_reticule, minmay_misc_feat_cross, uniq_robin
D:4:      layout_loops_corners, minmay_temple_entry_butterflies,
          gammafunk_ghost_split, serial_shops,
          nicolae_shop_competitors_out_of_business, uniq_menkaure, uniq_duvessa,
          uniq_grinder

Skill      XL: |  1  2  3  4  5  6  7 |
---------------+----------------------+-----
Conjurations   | 2 3 |  3.2
Spellcasting   | 5 |  5.8
Invocations    | 1 2 3 |  3.1
Fighting       | 1 2 |  2.8
Short Blades   | 1 2 |  2.8
Long Blades    | 1 2 |  2.8
Axes           | 1 2 |  2.8
Maces & Flails | 1 2 |  2.8
Polearms       | 1 2 |  2.8
Staves         | 1 2 |  2.8
Slings         | 1 2 |  2.8
Bows           | 1 2 |  2.8
Crossbows      | 1 2 |  2.8
Throwing       | 1 2 |  2.8
Armour         | 1 2 |  2.8
Shields        | 1 2 |  2.8
Unarmed Combat | 1 2 |  2.8
Evocations     | 1 2 |  2.8
Hexes          | 1 2 |  2.3
Summonings     | 1 2 |  2.3
Necromancy     | 1 2 |  2.3
Translocations | 1 2 |  2.3
Transmutations | 1 2 |  2.3
Ice Magic      | 1 2 |  2.3
Air Magic      | 1 2 |  2.3
Earth Magic    | 1 2 |  2.3
Poison Magic   | 1 2 |  2.3
Dodging        | 5 |  5.4
Stealth        | 5 |  5.1
Fire Magic     | 6 |  6.0

Action                   |  1- 3 |  4- 6 |  7- 9 || total
-------------------------+-------+-------+-------++-------
Melee: Short sword       |     2 |       |       ||     2
       Dagger            |     7 |       |       ||     7
       Bite              |     2 |     3 |     3 ||     8
       Trident           |       |    59 |    37 ||    96
       Punch             |       |     2 |     1 ||     3
 Cast: Foxfire           |    48 |   138 |    32 ||   218
       Scorch            |     1 |     2 |     1 ||     4
       Inner Flame       |       |     5 |     5 ||    10
  Use: Scroll            |       |     4 |       ||     4
       Potion            |       |       |     1 ||     1
 Stab: Sleeping          |       |     3 |       ||     3
Armor: Robe              |     1 |    31 |    15 ||    47
Dodge: Dodged            |     3 |    44 |    54 ||   101

Table legend: (Time is in decaauts)
 A = Elapsed time spent in this place.
 B = Non-inter-level travel time spent in this place.
 C = Inter-level travel time spent in this place.
 D = Time resting spent in this place.
 E = Time spent auto-exploring this place.
 F = Levels seen in this place.
 G = Mean time per level.
                   A        B        C        D        E       F      G
               +--------+--------+--------+--------+--------+-----+--------+
         Total |   5166 |   5076 |     90 |      0 |   4316 |   4 | 1291.5 |
       Dungeon |   5166 |   5076 |     90 |      0 |   4316 |   4 | 1291.5 |
               +--------+--------+--------+--------+--------+-----+--------+

Top non-repeatable levels by time:
     D:2: 1496 daAuts
     D:3: 1411 daAuts
     D:4: 1234 daAuts
     D:1: 1024 daAuts
